 Dungeon Crawl Stone Soup version 0.32-a0-913-g739538afd8 (webtiles) character file.

Game seed: 8428634418977821414

9 porpoise the Ducker (level 2, -11/22 HPs)
             Began as a Demonspawn Gladiator on Apr 10, 2024.
             Mangled by a gnoll
             ... wielding a +0 flail
              (13 damage)
             ... on level 1 of the Dungeon.
             The game lasted 00:01:10 (196 turns).

porpoise the Ducker (Demonspawn Gladiator)           Turns: 196, Time: 00:01:10

Health: -11/22     AC:  4    Str: 14    XL:     2   Next: 6%
Magic:  2/2        EV: 11    Int:  8    God:
Gold:   0          SH:  0    Dex: 14    Spells: 1/1 levels left

rFire   . . .        a - +0 trident
rCold   . . .        (no shield)
rNeg    . . .        b - +0 leather armour
rPois   .            c - +0 helmet
rElec   .            (no cloak)
rCorr   .            (no gloves)
SInv    .            (no boots)
Will    .....        (no amulet)
Stlth   +            (no ring)
HPRegen 0.23/turn    (no ring)
MPRegen 0.08/turn

%: no passive effects
@: no status effects
A: weakness stinger 1
a: no special abilities


You were on level 1 of the Dungeon.
You visited 1 branch of the dungeon, and saw 1 of its levels.

Inventory:

Hand Weapons
 a - a +0 trident (weapon)
Missiles
 d - 3 throwing nets (quivered)
 e - a javelin
Armour
 b - a +0 leather armour (worn)
 c - a +0 helmet (worn)
Scrolls
 g - a scroll of brand weapon {unknown}
 h - a scroll of identify {unknown}
Potions
 f - a potion of lignification {unknown}


   Skills:
 + Level 2.2 Fighting
 + Level 2.8 Polearms
 + Level 2.0 Throwing
 + Level 2.8 Dodging


You had one spell level left.
You didn't know any spells.
Your spell library was empty.

Dungeon Overview and Level Annotations

Branches:
Dungeon (1/15)

Altars:


Innate Abilities, Weirdness & Mutations

You have a small tail.


Message History

The bat barely misses you. The bat completely misses you.
You miss the bat.
A nearby plant withers and dies.
The bat hits you.
* * * LOW HITPOINT WARNING * * *
The bat barely misses you. x2
You closely miss the bat. The bat hits you but does no damage. x2
You puncture the bat!
You kill the bat!
The quokka barely misses you.
Your Throwing skill increases to level 2!
You have reached level 2!
You feel monstrous as your demonic heritage exerts itself.
Your demonic ancestry asserts itself...
You grow a small tail.
You closely miss the quokka.
The quokka bites you but does no damage.
You barely miss the quokka. The quokka barely misses you. x2
You hit the quokka but do no damage. The quokka bites you.
* * * LOW HITPOINT WARNING * * *
You hit the quokka but do no damage. The quokka closely misses you.
You miss the quokka.
The quokka bites you but does no damage.
The quokka closely misses you.
You barely miss the quokka. The quokka barely misses you.
You hit the quokka.
You kill the quokka!
You hit the gnoll.
The gnoll is moderately wounded.
The gnoll misses you. The gnoll closely misses you.
You closely miss the gnoll.
The gnoll is moderately wounded.
The gnoll hits you with a +0 flail.
* * * LOW HITPOINT WARNING * * *
You puncture the gnoll!
Your tail-slap misses the gnoll.
The gnoll is almost dead.
The gnoll barely misses you.
You closely miss the gnoll.
The gnoll is almost dead.
The gnoll hits you with a +0 flail!
Ouch! That really hurt!
You die...

## ## .# #. .#
#.## .#.. .....
... ...## #.#
...... ######.#
#......
#......####..P.PP.
#....@g..PP...
#.###.#####.$P...P
#.# #.....#
#.P....
#.#######.# .P..P.
#.........#####


.PPPP #.###................. #.# #..#..######. ..## #.# #..#..# #.# #.###..#..#
You could see a gnoll.

Vanquished Creatures
  A bat (D:1)
  A giant cockroach (D:1)
  A goblin (D:1)
  A hobgoblin (D:1)
  2 kobolds (D:1)
  A quokka (D:1)
  A rat (D:1)
8 creatures vanquished.

Notes
Turn   | Place    | Note
-------+----------+-------------------------------------------
     0 | D:1      | porpoise the Demonspawn Gladiator began the quest for the
                  | Orb.
     0 | D:1      | Reached XP level 1. HP: 16/16 MP: 1/1
   186 | D:1      | Discovered your monstrous ancestry.
   186 | D:1      | Gained mutation: You have a small tail. [demonic ancestry]
   186 | D:1      | Reached XP level 2. HP: 5/22 MP: 2/2
   194 | D:1      | HP: 1/22 [gnoll/+0 flail (4)]
   196 | D:1      | Mangled by a gnoll

Illustrated notes

Levels and vault maps discovered:
D:1:      lightli_arrival_statue_moat, layout_loops_ring, st_stairs_3,
          minmay_misc_feat_pillars, nicolae_grassy_gnolls

Skill      XL: |  1 |
---------------+----+-----
Throwing       | 2 |  2.0
Fighting       | |  2.2
Polearms       | |  2.8
Dodging        | |  2.8

Action                     || total
---------------------------++-------
  Melee: Trident           ||    39
 Armour: Leather armour    ||    21
  Dodge: Dodged            ||    26

Table legend: (Time is in decaauts)
 A = Elapsed time spent in this place.
 B = Non-inter-level travel time spent in this place.
 C = Inter-level travel time spent in this place.
 D = Time resting spent in this place.
 E = Time spent auto-exploring this place.
 F = Levels seen in this place.
 G = Mean time per level.
                   A        B        C        D        E       F      G
               +--------+--------+--------+--------+--------+-----+--------+
         Total |    202 |    202 |      0 |      0 |    130 |   1 |  202.0 |
       Dungeon |    202 |    202 |      0 |      0 |    130 |   1 |  202.0 |
               +--------+--------+--------+--------+--------+-----+--------+

Top non-repeatable levels by time:
     D:1: 202 daAuts
